 Dungeon Crawl Stone Soup version 0.21-a0-504-g2eda330 (webtiles) character file.

184 4thArraOfDagon the Ruffian (level 5, 34/50 HPs)
             Began as a Troll Monk on Nov 26, 2017.
             Quit the game on level 6 of the Dungeon.
             The game lasted 00:04:09 (749 turns).

4thArraOfDagon the Ruffian (Troll Monk)              Turns: 749, Time: 00:04:10

Health: 34/50      AC: -3    Str: 19    XL:     5   Next: 36%
Magic:  4/4        EV: 10    Int:  7    God:
Gold:   118        SH:  0    Dex: 12    Spells: 4/4 levels left

rFire    . . .     SeeInvis .     - Unarmed
rCold    . . .     Gourm    +   (no shield)
rNeg     . . .     Faith    .   a - +0 robe
rPois    .         Spirit   .   (helmet restricted)
rElec    .         Reflect  .   (no cloak)
rCorr    .         Harm     .   (gloves unavailable)
MR       .....                  (boots unavailable)
Stlth    ++........             (no amulet)
HPRegen  0.56/turn              (no ring)
MPRegen  0.09/turn              (no ring)

@: mildly poisoned (34 -> 31), corroded
A: large, unfitting armour, claws 3, fast metabolism 3, gourmand, regeneration
1, shaggy fur 1, tough skin 2
a: no special abilities


You were on level 6 of the Dungeon.
You were full.

You visited 1 branch of the dungeon, and saw 8 of its levels.

You collected 118 gold pieces.

Inventory:

Armour
 a - a +0 robe (worn)
Scrolls
 c - a scroll of blinking
 d - a scroll of remove curse
 h - a scroll of identify {unknown}
Potions
 e - a potion of curing
Comestibles
 b - 3 bread rations
 f - a royal jelly
 j - 2 meat rations


   Skills:
 - Level 2.4 Fighting
 - Level 2.4 Dodging
 - Level 1.0 Stealth
 * Level 6.1 Unarmed Combat


You had 4 spell levels left.
You didn't know any spells.

Dungeon Overview and Level Annotations

Branches:
Dungeon (8/15)
 Temple: D:4-7         Lair: D:8-11

Altars:
Dithmenos
Nemelex Xobeh
Uskayaw
Wu Jian

Annotations:
D:3 p0werm0de's ghost, weakling OpAM
D:4 Eustachio


Innate Abilities, Weirdness & Mutations

You are too large for most types of armour.
You have claws for hands.
Your metabolism is lightning-fast.
You like to eat raw meat.
Your natural rate of healing is unusually fast.
You are covered in fur. (AC +1)
You have very tough skin. (AC +2)


Message History

You are poisoned.
The scorpion poisons you!
You feel sick.
You feel sick.
You scratch the scorpion.
The scorpion is lightly wounded.
You feel sick. The scorpion stings you.
You feel better. The scorpion closely misses you.
You scratch the scorpion but do no damage.
The scorpion is lightly wounded.
The scorpion stings you!
You scratch the scorpion but do no damage.
The scorpion is lightly wounded.
The scorpion stings you.
You scratch the scorpion.
The scorpion is moderately wounded.
The scorpion stings you.
You are poisoned.
The scorpion poisons you!
Are you sure you want to abandon this character and quit the game? (Confirm with "yes".)

###
#........≈≈%≈..
..#
#........≈....
.)# #.......%..
l.# ##........##
#.# #..).......#
#.# #......?..J#
# # #.......>..#
# #.........J####
#.........Js@.#
##/.......###†##
#.......## #..#
#.##..### ##.####
#. ##.# #....# #
#.
######'''#######
..
#######...#######
##
#.§§§.#...###§###
.#
#.§§.§#.#.##§§§##


You could see a scorpion and 2 jellies.

Vanquished Creatures
  A killer bee (D:7)
  2 crimson imps
  An orc priest (D:8)
  A worker ant (D:8)
  2 leopard geckos
  A hobgoblin (D:2)
  5 jackals (D:7)
  A quokka (D:2)
  A bat (D:1)
  2 rats
17 creatures vanquished.

Notes
Turn   | Place    | Note
-------+----------+-------------------------------------------
     0 | D:1      | 4thArraOfDagon the Troll Monk began the quest for the Orb.
     0 | D:1      | Reached XP level 1. HP: 22/22 MP: 0/0
    75 | D:3      | Noticed p0werm0de's ghost (weakling OpAM)
   132 | D:4      | Noticed Eustachio
   186 | D:5      | Entered Level 5 of the Dungeon
   205 | D:5      | Found a shadowy altar of Dithmenos.
   205 | D:5      | Noticed an orc priest
   342 | D:6      | Noticed a crimson imp
   347 | D:6      | Noticed an iguana
   352 | D:5      | Killed a crimson imp
   352 | D:5      | Reached skill level 4 in Unarmed Combat
   352 | D:5      | Reached XP level 2. HP: 29/29 MP: 1/1
   352 | D:5      | Reached XP level 3. HP: 36/36 MP: 2/2
   387 | D:7      | Found a hide-covered altar of Uskayaw.
   455 | D:7      | Noticed a killer bee
   470 | D:7      | Killed a killer bee
   470 | D:7      | Reached skill level 5 in Unarmed Combat
   470 | D:7      | Reached XP level 4. HP: 26/44 MP: 3/3
   557 | D:8      | Reached XP level 5. HP: 41/50 MP: 4/4
   658 | D:6      | Found an ornate altar of the Wu Jian Council.
   672 | D:6      | Reached skill level 6 in Unarmed Combat
   706 | D:6      | Found a sparkling altar of Nemelex Xobeh.
   749 | D:6      | Quit the game

Vault maps used:
D:1:      lightli_arrival_maybe_door_vault
D:2:      old_standard_altar, old_standard_altar, old_standard_altar,
          first_bread
D:3:      marbit_many_paths, fedhas_altar_3, uniq_jessica, uniq_robin
D:4:      kennysheep_mini_moat, serial_forest, infiniplex_forest_clump_cross,
          infiniplex_forest_clump_medium, infiniplex_forest_side_room,
          infiniplex_forest_lined_4_way, infiniplex_forest_lined_room_,
          infiniplex_forest_corner_1, dk_xom_monty_hall, uniq_eustachio
D:5:      tgw_trog, grunt_dithmenos_smoke_and_mirrors
D:6:      nicolae_tso_besieged_by_evil, old_standard_altar,
          nicolae_overflow_hidden_temple, nemelex_altar_shiori, serial_curves,
          eino_curves_01, eino_curves_02, dk_vineyard_3, uniq_menkaure
D:7:      minmay_temple_entry_enclosed_plants, basic_altar,
          minmay_guarded_unrand_finisher
D:8:      lemuel_round_altar, david_nohive_1

Skill      XL: |  1  2  3  4  5 |
---------------+----------------+-----
Unarmed Combat | 4 5 6 |  6.1
Fighting       | |  2.4
Dodging        | |  2.4
Stealth        | |  1.0

Action                   |  1- 3 |  4- 6 || total
-------------------------+-------+-------++-------
Melee: Unarmed           |    38 |    14 ||    52
       Punch             |       |     1 ||     1
  Use: Scroll            |     1 |     3 ||     4
       Potion            |     4 |     1 ||     5
 Stab: Distracted        |       |     1 ||     1
       Sleeping          |       |     1 ||     1
  Eat: Chunk             |     5 |     3 ||     8
Armor: Robe              |    14 |     1 ||    15
Dodge: Dodged            |    30 |     4 ||    34

Table legend:
 A = Spawn XP
 B = Non-spawn XP
 C = Spawn XP percentage of total XP
 D = Spawn monster count
 E = Non-spawn monster count
 F = Spawn count percentage of total count
 G = Total turns spent on level
                    A         B        C        D         E        F      G
               +---------+---------+-------+---------+---------+-------+---------
         Total |       0 |     263 |   0.0 |       0 |      17 |   0.0 |   749
               +---------+---------+-------+---------+---------+-------+---------
           D:1 |       0 |       2 |   0.0 |       0 |       2 |   0.0 |    28
           D:2 |       0 |       5 |   0.0 |       0 |       3 |   0.0 |    26
           D:5 |       0 |      50 |   0.0 |       0 |       1 |   0.0 |   164
           D:6 |       0 |      53 |   0.0 |       0 |       2 |   0.0 |   131
           D:7 |       0 |      79 |   0.0 |       0 |       7 |   0.0 |   205
           D:8 |       0 |      74 |   0.0 |       0 |       2 |   0.0 |    63
               +---------+---------+-------+---------+---------+-------+---------
